 Dungeon Sprint DCSS version 0.24-a0-545-gd1b266b (webtiles) character file.

Game seed: 7282638368711807093

1248 silentkaos13 the Slicer (level 8, -14/60 HPs)
             Began as a Kobold Berserker on Aug 18, 2019.
             Was an Elder of Trog.
             Demolished by Sonja
             ... wielding a +2 short sword of distortion
              (19 damage)
             ... in the Dungeon (Sprint I: "Red Sonja").
             The game lasted 00:01:58 (780 turns).

silentkaos13 the Slicer (Kobold Berserker)           Turns: 780, Time: 00:02:00

Health: -14/60     AC:  2    Str: 16    XL:     8   Next: 79%
Magic:  8/8        EV: 20    Int:  9    God:    Trog [****..]
Gold:   405        SH:  0    Dex: 14    Spells: 7/7 levels left

rFire    . . .     SeeInvis .   a - +0 short sword
rCold    . . .     Gourm    .   (shield restricted)
rNeg     . . .     Faith    .   b - +0 animal skin
rPois    .         Spirit   .   (no helmet)
rElec    .         Reflect  .   (no cloak)
rCorr    .         Harm     .   (no gloves)
MR       ++...     NoTele   +   (no boots)
Stlth    +++++.....             (no amulet)
HPRegen  1.20/turn              (no ring)
MPRegen  0.11/turn              (no ring)

@: lethally poisoned (-14 -> -14), regenerating, slowed, very slow
A: small, carnivore
a: Berserk, Trog's Hand, Brothers in Arms, Renounce Religion


You were in the Dungeon.
You worshipped Trog.
Trog was greatly pleased with you.
You were very full.

You visited 1 branch You collected 405 gold pieces.

Inventory:

Hand Weapons
 a - a +0 short sword (weapon)
Armour
 b - a +0 animal skin (worn)
Scrolls
 i - a scroll of blinking
 j - a scroll of magic mapping {unknown}
 k - a scroll of enchant armour {unknown}
Potions
 d - a potion of curing
 e - a potion of heal wounds
 f - a potion of haste
 g - 2 potions of magic
 h - a potion of berserk rage
Comestibles
 c - a ration


   Skills:
 + Level 11.5 Fighting
 + Level 13.5 Short Blades
 + Level 4.5 Armour
 + Level 8.0 Dodging
 * Level 10.7 Stealth


You had 7 spell levels left.
You didn't know any spells.
Your spell library was empty.

Dungeon Overview and Level Annotations

Branches:
Dungeon (1/1)

Altars:
Cheibriados
Dithmenos
Elyvilon
Fedhas
Gozag
Hepliaklqana
Kikubaaqudgha
Makhleb
Nemelex Xobeh
Okawaru
Qazlal
Ru
Sif Muna
Trog
Uskayaw
Vehumet
Wu Jian
Xom
Yredelemnul
Zin
The Shining One
Jiyva
Lugonu

Shops:
D :

Annotations:
D Sonja


Innate Abilities, Weirdness & Mutations

You are small and have problems with some larger weapons.
You are carnivorous and can eat meat at any time.


Message History

You feel sick.
Sonja zaps a wand.
You resist with almost no effort.
Sonja gestures wildly while chanting.
Sonja blinks!
You feel sick.
Sonja hits you with a +2 short sword of distortion!
* * * LOW HITPOINT WARNING * * *
Sonja closely misses you. Sonja misses you.
Sonja casts a spell.
Sonja blinks!
You hit Sonja.
Sonja is lightly wounded.
You feel sick. Sonja barely misses you. Sonja misses you.
Sonja closely misses you.
You completely miss Sonja.
Sonja is lightly wounded.
Sonja barely misses you.
Sonja hits you with a +2 short sword of distortion!
* * * LOW HITPOINT WARNING * * *
Space warps horribly around you!!
You die...

#..').#..'..#..'..'..#.).#
#..#####'#####'#__####...+
#..## #..#...#.#### #####
#..#__####..##)#
#..#_____##'#_.+
#⌠⌠#_.∩...'..._#
####_..__##_.#'# #_____
##K#.# ###### ##@### +§.$+
#$($# ##.## #+#


You could see Sonja.

Vanquished Creatures
  2 kobold demonologists (D)
  A slime creature (D)
  Sigmund (D)
  A yak (D)
  A floating eye (D)
  An ogre (D)
  A jelly (D)
  Ijyb (D)
9 creatures vanquished.

Vanquished Creatures (others)
  A gargoyle (D)
1 creature vanquished.

Grand Total: 10 creatures vanquished

Notes
Turn   | Place    | Note
-------+----------+-------------------------------------------
     0 | D        | silentkaos13 the Kobold Berserker began the quest for the
                  | Orb.
     0 | D        | Reached XP level 1. HP: 14/14 MP: 1/1
     1 | D        | Noticed Ijyb
    14 | D        | Killed Ijyb
    14 | D        | Reached skill level 5 in Fighting
    14 | D        | Reached skill level 6 in Short Blades
    14 | D        | Reached XP level 2. HP: 18/21 MP: 2/2
    14 | D        | Reached XP level 3. HP: 23/26 MP: 3/3
   135 | D        | Noticed an ogre
   139 | D        | Killed an ogre
   139 | D        | Reached skill level 8 in Short Blades
   139 | D        | Reached XP level 4. HP: 32/32 MP: 4/4
   139 | D        | Reached XP level 5. HP: 37/37 MP: 5/5
   181 | D        | Noticed Sigmund
   185 | D        | Killed Sigmund
   185 | D        | Reached ** piety under Trog
   185 | D        | Reached skill level 10 in Short Blades
   185 | D        | Reached skill level 5 in Dodging
   185 | D        | Reached XP level 6. HP: 43/45 MP: 6/6
   208 | D        | Found an ornate altar of the Wu Jian Council.
   208 | D        | Found a shimmering blue altar of Sif Muna.
   210 | D        | Found a radiant altar of Vehumet.
   243 | D        | Found Ysaovit's Book Emporium.
   243 | D        | Found an ancient bone altar of Kikubaaqudgha.
   243 | D        | Found a hazy altar of Hepliaklqana.
   243 | D        | Found a stormy altar of Qazlal.
   243 | D        | Found a hide-covered altar of Uskayaw.
   243 | D        | Found a blossoming altar of Fedhas.
   243 | D        | Found a bloodstained altar of Trog.
   243 | D        | Found an iron altar of Okawaru.
   243 | D        | Found a basalt altar of Yredelemnul.
   243 | D        | Found a glowing golden altar of the Shining One.
   243 | D        | Found a snail-covered altar of Cheibriados.
   243 | D        | Found a sacrificial altar of Ru.
   243 | D        | Found a glowing silver altar of Zin.
   243 | D        | Found a shadowy altar of Dithmenos.
   243 | D        | Found a white marble altar of Elyvilon.
   243 | D        | Noticed a yak
   244 | D        | Found an opulent altar of Gozag.
   261 | D        | Killed a yak
   261 | D        | Reached skill level 11 in Short Blades
   261 | D        | Reached XP level 7. HP: 18/51 MP: 7/7
   262 | D        | Found a sparkling altar of Nemelex Xobeh.
   462 | D        | Found a burning altar of Makhleb.
   462 | D        | Found a viscous altar of Jiyva.
   462 | D        | Found a shimmering altar of Xom.
   462 | D        | Found a corrupted altar of Lugonu.
   462 | D        | Noticed a slime creature
   465 | D        | Killed a slime creature
   465 | D        | Reached *** piety under Trog
   465 | D        | Reached skill level 10 in Fighting
   465 | D        | Reached skill level 12 in Short Blades
   477 | D        | Noticed a kobold demonologist
   478 | D        | Noticed a hellwing
   478 | D        | Noticed a kobold demonologist
   480 | D        | Noticed a soul eater
   481 | D        | Noticed a rust devil
   485 | D        | Killed a kobold demonologist
   485 | D        | Reached skill level 10 in Stealth
   485 | D        | Reached XP level 8. HP: 39/59 MP: 8/8
   491 | D        | Killed a kobold demonologist
   491 | D        | Reached **** piety under Trog
   491 | D        | Reached skill level 13 in Short Blades
   491 | D        | Paralysed by a floating eye for 4 turns
   627 | D        | Killed a gargoyle
   769 | D        | Noticed Sonja
   780 | D        | Demolished by Sonja

Levels and vault maps discovered:
D:        dungeon_sprint_1 [red_sonja_temple_1, red_sonja_temple_small_1]

Skill      XL: |  1  2  3  4  5  6  7  8 |
---------------+-------------------------+-----
Fighting       | 5 6 8 9 10 11 | 11.5
Short Blades   | 6 8 10 11 12 13 | 13.5
Armour         | 2 3 4 |  4.5
Dodging        | 3 4 5 6 7 8 |  8.0
Stealth        | 4 7 8 10 | 10.7

Action                   |  1- 3 |  4- 6 |  7- 9 || total
-------------------------+-------+-------+-------++-------
Melee: Short sword       |    14 |    20 |    20 ||    54
Invok: Berserk           |     2 |       |     1 ||     3
       Trog's Hand       |       |       |     1 ||     1
 Stab: Sleeping          |       |     2 |     1 ||     3
  Eat: Chunk             |       |     3 |     6 ||     9
Dodge: Dodged            |     5 |     7 |    19 ||    31

Table legend:
 A = Non-vault XP
 B = Vault XP
 C = Vault XP percentage of total XP
 D = Non-vault monster count
 E = Vault monster count
 F = Vault count percentage of total count
                 A         B        C        D         E       F
            +---------+---------+-------+---------+---------+-------
      Total |       0 |    1783 | 100.0 |       0 |       9 | 100.0
            +---------+---------+-------+---------+---------+-------
          D |       0 |    1783 | 100.0 |       0 |       9 | 100.0
            +---------+---------+-------+---------+---------+-------
